 Dungeon Crawl Stone Soup version 0.29.1-15-g9cfb28693d (webtiles) character file.

Game seed: 8938390556356349716

191 fleeber the Shooter (level 5, -7/42 HPs)
             Began as a Barachi Hunter on Mar 16, 2023.
             Mangled by a gnoll
             ... wielding a +0 flail
             ... led by a gnoll bouda
              (9 damage)
             ... on level 4 of the Dungeon.
             The game lasted 00:07:32 (3078 turns).

fleeber the Shooter (Barachi Hunter)                Turns: 3078, Time: 00:07:33

Health: -7/42      AC:  6    Str: 12    XL:     5   Next: 70%
Magic:  5/5        EV: 12    Int:  9    God:
Gold:   198        SH:  0    Dex: 18    Spells: 4/4 levels left

rFire   . . .      SeeInvis +   a - +0 shortbow
rCold   . . .      Faith    .   (shield currently unavailable)
rNeg    . . .      Spirit   .   j - +0 ring mail
rPois   .          Reflect  .   (no helmet)
rElec   .          Harm     .   (no cloak)
rCorr   .          Rampage  .   g - +0 pair of gloves
Will    .....                   (no boots)
Stlth   ++........              (no amulet)
HPRegen 0.14/turn               u - ring of see invisible
MPRegen 0.09/turn               (no ring)

@: unable to hop, slow
A: amphibious, slowness 1, strong legs 1, +LOS
a: Hop


You were on level 4 of the Dungeon.
You visited 1 branch of the dungeon, and saw 4 of its levels.

You collected 198 gold pieces.

Inventory:

Hand Weapons
 a - a +0 shortbow (weapon)
Armour
 g - a +0 pair of gloves (worn)
 j - a +0 ring mail (worn)
Jewellery
 u - a ring of see invisible (left hand)
Wands
 r - a wand of roots (7)
Scrolls
 b - 2 scrolls of immolation
 c - a scroll of vulnerability {unknown}
 d - 3 scrolls of teleportation {unknown}
 e - a scroll of identify {unknown}
 l - a scroll of noise {unknown}
 o - a scroll of amnesia {unknown}
 t - 3 scrolls of poison {unknown}
Potions
 f - a potion of attraction {unknown}
 h - 2 potions of curing {unknown}
 i - a potion of flight {unknown}
 k - a potion of invisibility {unknown}
 m - 2 potions of resistance {unknown}
 n - a potion of ambrosia {unknown}
 p - a potion of berserk rage {unknown}
 q - 2 potions of brilliance {unknown}
 s - a potion of degeneration {unknown}
 v - a potion of cancellation {unknown}


   Skills:
 + Level 3.6 Fighting
 * Level 5.2 Ranged Weapons
 + Level 3.4 Dodging
 + Level 2.4 Stealth


You had 4 spell levels left.
You didn't know any spells.
Your spell library contained the following spells:

 Spells                   Type           Power      Damage    Failure   Level
 Call Canine Familiar     Summ           0%         N/A       95%         3
 Portal Projectile        Hex/Tloc       0%         N/A       95%         3
 Stone Arrow              Conj/Erth      0%         3d7       95%         3
 Animate Armour           Summ/Erth      0%         N/A       100%        4
 Leda's Liquefaction      Hex/Erth       0%         N/A       100%        4
 Lehudib's Crystal Spear  Conj/Erth      0%         10d2      100%        8


Dungeon Overview and Level Annotations

Branches:
Dungeon (4/15)
 Temple: D:4-7

Altars:
Ashenzari
Ru
Yredelemnul
The Shining One


Innate Abilities, Weirdness & Mutations

You are amphibious.
You cover ground slowly.
You can hop short distances.
You have an extended range of vision and can be seen from far away.


Message History

You feel your attacks grow feeble.
The gnoll is no longer moving quickly.
The gnoll bouda gazes fiercely through you!
You feel as though you will be weak longer.
You see here 7 stones.
Hop to where?
Press: ? - help, Dir - move target Boing!
The gnoll bouda barks out a call to the hunt!
The gnoll picks up the pace!
The gnoll attacks as you move away! The gnoll hits you with a +0 flail. x2
Your attacks no longer feel as feeble.
The gnoll misses you. The gnoll attacks as you move away!
The gnoll barely misses you. The gnoll hits you with a +0 flail!
* * * LOW HITPOINT WARNING * * *
Okay, then.
Fire: a) +0 shortbow
Press: ? - help, Q - select action, (/) - cycle Shift-Dir - straight line, f - gnoll
Aim: a gnoll, wielding a +0 flail (covering ground quickly, 68% to hit)
You shoot an arrow.
The arrow hits the gnoll but does no damage.
The gnoll closely misses you.
Fire: a) +0 shortbow
Press: ? - help, Q - select action, (/) - cycle Shift-Dir - straight line, f/p - gnoll
Aim: a gnoll, wielding a +0 flail (covering ground quickly, 68% to hit)
You shoot an arrow. The arrow closely misses the gnoll.
The gnoll hits you with a +0 flail.
* * * LOW HITPOINT WARNING * * *
The gnoll hits you with a +0 flail.
* * * LOW HITPOINT WARNING * * *
Fire: a) +0 shortbow
Press: ? - help, Q - select action, (/) - cycle Shift-Dir - straight line, f/p - gnoll
Aim: a gnoll, wielding a +0 flail (covering ground quickly, 68% to hit)
You shoot an arrow. The arrow closely misses the gnoll.
The gnoll is no longer moving quickly.
The gnoll bouda barks out a call to the hunt!
The gnoll picks up the pace!
The gnoll hits you with a +0 flail!
You die...

# #.#.#.# ...
#.#.#.#
.....###.#.#.#
#.......#.#
#####.###.# #.#.g.#
#.#.#########[#.###
#.............#g#
#######.#######@#
#<# #.# #.# #.# #.#
#.# #.# #.# #.# #.#
#.# #.# #.# ..# #.#
###


You could see a gnoll bouda and a gnoll (swift).

Vanquished Creatures
  An orc priest (D:3)
  Ijyb (D:3)
  7 adders
  3 dart slugs
  4 orcs (D:3)
  4 endoplasms
  3 giant cockroaches
  5 goblins
  5 hobgoblins
  2 jackals (D:1)
  5 kobolds
  4 quokkas
  5 ball pythons
  4 bats
  3 frilled lizards
  9 rats
65 creatures vanquished.

Notes
Turn   | Place    | Note
-------+----------+-------------------------------------------
     0 | D:1      | fleeber the Barachi Hunter began the quest for the Orb.
     0 | D:1      | Reached XP level 1. HP: 17/17 MP: 1/1
    51 | D:1      | Reached skill level 1 in Stealth
   113 | D:1      | Reached XP level 2. HP: 23/23 MP: 2/2
   328 | D:1      | Reached XP level 3. HP: 28/28 MP: 3/3
  1178 | D:2      | Reached XP level 4. HP: 35/35 MP: 4/4
  1522 | D:3      | Found a faded altar of an unknown god.
  1663 | D:3      | Noticed Ijyb
  1680 | D:3      | Killed Ijyb
  1681 | D:3      | Reached skill level 5 in Ranged Weapons
  1681 | D:3      | Reached XP level 5. HP: 2/41 MP: 5/5
  1683 | D:3      | HP: 2/41 [orc/+0 flail (1)]
  1904 | D:3      | HP: 2/41 [orc priest/divine providence (12)]
  2249 | D:3      | Found a broken altar of Ashenzari.
  2452 | D:3      | Found a basalt altar of Yredelemnul.
  2680 | D:3      | Found a sacrificial altar of Ru.
  2816 | D:3      | Found a glowing golden altar of the Shining One.
  3077 | D:4      | HP: 1/42 [gnoll/+0 flail[a gnoll bouda] (4)]
  3078 | D:4      | Mangled by a gnoll

Illustrated notes

Levels and vault maps discovered:
D:1:      dpeg_arrival_court, layout_basic
D:2:      minmay_wonky_spiral, layout_loops_ring
D:3:      layout_basic, nicolae_overflow_quartered_altars,
          basic_ecumenical_altar, uniq_ijyb
D:4:      layout_loops_ring, uniq_crazy_yiuf_cottage, uniq_robin, uniq_sigmund

Skill      XL: |  1  2  3  4 |
---------------+-------------+-----
Stealth        | 1 2 |  2.4
Fighting       | 3 |  3.6
Dodging        | 3 |  3.4
Ranged Weapons | 5 |  5.2

Action                   |  1- 3 |  4- 6 || total
-------------------------+-------+-------++-------
 Fire: Shortbow          |    98 |    89 ||   187
 Abil: Hop               |       |     3 ||     3
Armor: Leather armour    |     5 |       ||     5
       Ring mail         |     7 |    19 ||    26
Dodge: Dodged            |    27 |    39 ||    66
